AoeStats
← Jhonny

Lombardia

508488644Analyzed
4v4 RM · 27d ago on Sep 22, 2026· 81m 44s· 8 players
Game mode
Random Map
Map size
Large (8 player)
Population
200
Speed
Normal
Resources
Standard
Victory
Conquest
Starting age
Dark Age
Ending age
Imperial Age
RankedLock teamsTeams togetherTeam positionsShared explorationLock speedFull tech treeHidden civsTurbo modeCheats
Victory
Defeat
🇫🇷 Franks · France
1111
+15
🇫🇷 Cumans · France
1053
+18
🇫🇷 Varangians · France
1033
+19
🇹🇷 Mongols · Türkiye
1009
+19
vs
🇩🇪 Celts · Germany
1125
-19
🇩🇪 Varangians · Germany
1097
-18
🇮🇳 Danes · India
1082
-17
🇩🇪 Mongols · Germany
1073
-17
Digit
9:30 Loom
11:16 Feudal Age
17:30 Castle Age
15:44 Double-Bit Axe
18:04 Bloodlines
21:02 Wheelbarrow
20:44 Bow Saw
25:00 Horse Collar
27:20 Gambesons
27:35 Squires
27:21 Arson
28:43 Scale Mail Armor
28:53 Forging
29:42 Chain Mail Armor
29:52 Heavy Plow
30:07 Gold Mining
32:10 Iron Casting
39:30 Imperial Age
37:20 Hand Cart
38:06 Stone Mining
39:55 Elite Varangian Guard
41:52 Two-Man Saw
41:25 Crop Rotation
42:38 Blast Furnace
42:09 Conscription
42:23 Gothikon
47:19 Pikeman
48:31 Plate Mail Armor
47:56 Halberdier
48:41 Fletching
48:34 Treadmill Crane
49:15 Ballistics
49:56 Chemistry
48:56 Murder Holes
51:08 Husbandry
50:28 Cavalier
51:15 Scale Barding Armor
50:32 Vendel Legacy
52:18 Chain Barding Armor
54:19 Caravan
57:36 Plate Barding Armor
58:30 Light Cavalry
61:56 Hussar
62:56 Bodkin Arrow
62:39 Onager
74:18 Bracer
75:19 Heavy Scorpion
78:04 Elite Skirmisher
78:13 Capped Ram
El-Ziston
9:25 Loom
11:15 Feudal Age
17:54 Bloodlines
19:41 Man-at-Arms
23:53 Castle Age
22:12 Double-Bit Axe
22:12 Horse Collar
22:39 Stone Mining
23:09 Gold Mining
25:08 Wheelbarrow
24:35 Long Swordsman
25:30 Forging
27:09 Iron Casting
27:10 Squires
28:10 Bow Saw
30:38 Hand Cart
30:09 Town Watch
31:03 Heavy Plow
33:12 Ballistics
35:28 Imperial Age
34:28 Town Patrol
35:43 Caravan
36:45 Conscription
37:19 Crop Rotation
37:52 Two-Man Saw
37:25 Parthian Tactics
36:53 Fletching
37:04 Padded Archer Armor
37:09 Heavy Cavalry Archer
39:27 Bodkin Arrow
39:47 Leather Archer Armor
39:39 Scale Barding Armor
41:28 Hoardings
42:45 Chemistry
43:10 Ring Archer Armor
43:01 Chain Barding Armor
44:07 Elite Kipchak
67:39 Blast Furnace
66:39 Scale Mail Armor
67:15 Plate Barding Armor
67:19 Pikeman
67:45 Arson
67:23 Two-Handed Swordsman
69:03 Halberdier
69:06 Champion
71:29 Chain Mail Armor
Kaila
10:27 Feudal Age
15:10 Castle Age
21:08 Loom
27:22 Double-Bit Axe
30:24 Gold Mining
30:25 Stone Mining
30:51 Husbandry
32:22 Scale Barding Armor
34:19 Forging
37:18 Iron Casting
37:05 Chain Barding Armor
39:57 Imperial Age
38:05 Wheelbarrow
40:36 Hand Cart
40:08 Cavalier
41:58 Blast Furnace
44:10 Paladin
47:51 Plate Barding Armor
48:09 Town Watch
58:58 Light Cavalry
L#rtZ
11:40 Feudal Age
16:22 Castle Age
14:34 Double-Bit Axe
14:48 Gold Mining
14:43 Horse Collar
16:23 Stone Mining
17:27 Bow Saw
19:15 Wheelbarrow
22:10 Hand Cart
24:51 Forging
24:31 Fletching
25:38 Heavy Plow
26:51 Nomads
28:17 Stone Shaft Mining
28:21 Iron Casting
27:47 Padded Archer Armor
27:55 Scale Barding Armor
29:56 Pikeman
30:55 Scale Mail Armor
30:51 Bodkin Arrow
31:12 Leather Archer Armor
31:19 Squires
31:04 Arson
35:41 Imperial Age
35:06 Chain Mail Armor
35:11 Chain Barding Armor
36:50 Conscription
36:53 Drill
37:46 Blast Furnace
37:44 Elite Mangudai
39:12 Bloodlines
38:22 Light Cavalry
39:03 Husbandry
40:53 Hussar
45:10 Caravan
52:55 Capped Ram
58:54 Bracer
59:25 Plate Mail Armor
66:38 Man-at-Arms
68:44 Siege Ram
Jhonny
11:10 Feudal Age
11:20 Loom
13:05 Feudal Age
18:17 Castle Age
19:25 Fletching
20:12 Double-Bit Axe
20:08 Horse Collar
26:33 Bow Saw
26:25 Heavy Plow
29:16 Bodkin Arrow
33:37 Padded Archer Armor
34:22 Wheelbarrow
34:55 Ballistics
36:01 Leather Archer Armor
39:24 Imperial Age
38:44 Hand Cart
38:18 Town Watch
40:17 Thumb Ring
40:15 Husbandry
40:26 Bloodlines
42:14 Conscription
42:07 Elite Mangudai
43:18 Parthian Tactics
44:41 Chemistry
44:43 Crossbowman
45:28 Bracer
47:30 Masonry
47:25 Siege Engineers
52:05 Light Cavalry
53:33 Hussar
56:54 Scale Barding Armor
56:59 Forging
62:52 Caravan
lotse23
7:20 Loom
9:44 Feudal Age
10:26 Double-Bit Axe
10:23 Horse Collar
11:51 Town Watch
20:19 Castle Age
19:09 Gold Mining
19:30 Scale Barding Armor
20:39 Bloodlines
21:00 Forging
21:17 Husbandry
22:24 Bow Saw
24:58 Husbandry
29:34 Chain Barding Armor
30:18 Wheelbarrow
36:18 Imperial Age
35:02 Iron Casting
34:40 Light Cavalry
36:23 Stone Mining
36:52 Hand Cart
36:42 Heavy Plow
36:22 Cavalier
37:46 Plate Barding Armor
39:58 Blast Furnace
39:48 Hussar
41:06 Vendel Legacy
42:19 Conscription
43:38 Town Patrol
45:09 Fletching
45:49 Bodkin Arrow
52:31 Ballistics
64:04 Crop Rotation
65:18 Herbal Medicine
65:54 Caravan
Bumsebene
11:21 Feudal Age
9:42 Loom
15:43 Castle Age
14:00 Double-Bit Axe
13:57 Horse Collar
16:49 Bow Saw
18:30 Pikeman
19:58 Heavy Plow
26:36 Gold Mining
26:37 Stone Mining
32:50 Gold Shaft Mining
32:05 Stone Mining
35:25 Imperial Age
34:01 Wheelbarrow
33:47 Arson
35:03 Stone Shaft Mining
35:20 Scale Mail Armor
35:31 Forging
35:27 Halberdier
35:30 Capped Ram
35:31 Onager
36:34 Chain Mail Armor
37:19 Hand Cart
37:57 Iron Casting
37:02 Siege Ram
39:59 Masonry
39:59 Siege Engineers
40:13 Fortified Wall
39:36 Siege Onager
41:12 Plate Mail Armor
43:46 Man-at-Arms
44:14 Gambesons
45:05 Conscription
44:58 Furor Celtica
44:30 Long Swordsman
45:35 Long Swordsman
48:00 Blast Furnace
47:01 Padded Archer Armor
46:51 Fletching
47:06 Town Watch
46:50 Two-Handed Swordsman
48:05 Champion
51:18 Heavy Scorpion
55:36 Chemistry
Baristan
6:50 Loom
9:23 Feudal Age
9:55 Double-Bit Axe
11:13 Man-at-Arms
13:46 Horse Collar
15:43 Arson
22:32 Castle Age
20:49 Scale Mail Armor
20:59 Forging
21:21 Forging
22:54 Gold Mining
23:10 Long Swordsman
24:08 Chain Mail Armor
24:29 Iron Casting
24:21 Squires
24:07 Gambesons
25:18 Bow Saw
27:11 Gold Shaft Mining
27:33 Wheelbarrow
30:15 Heavy Plow
32:24 Iron Casting
33:07 Stone Mining
35:17 Ballistics
34:50 Fletching
35:51 Bodkin Arrow
39:19 Imperial Age
38:44 Hamask
40:24 Conscription
39:34 Elite Varangian Guard
41:40 Plate Mail Armor
42:11 Blast Furnace
45:07 Elite Jomsviking
48:29 Pikeman
49:05 Halberdier
55:36 Elite Skirmisher
59:54 Bracer
59:56 Padded Archer Armor
67:46 Leather Archer Armor
Connection lost

Rejoining the realm…

Still unreachable

The connection could not be restored.

Session expired

The server has moved on; the page needs a fresh start.